 Dungeon Crawl Stone Soup version 0.24-a0-769-g368c1644f8 (webtiles) character file.

Game seed: 1218275549684191660, levelgen mode: deterministic

58 Arixos the Magician (level 3, 0/19 HPs)
             Began as a Deep Elf Wizard on Oct 4, 2019.
             Was an Initiate of Sif Muna.
             Slain by a bat (1 damage)
             ... on level 3 of the Dungeon.
             The game lasted 00:09:41 (2193 turns).

Arixos the Magician (Deep Elf Wizard)               Turns: 2193, Time: 00:09:41

Health: 0/19       AC:  3    Str:  4    XL:     3   Next: 75%
Magic:  1/11       EV: 13    Int: 23    God:    Sif Muna [......]
Gold:   221        SH:  0    Dex: 13    Spells: 3/12 levels left

rFire    . . .     SeeInvis .   (no weapon)
rCold    . . .     Gourm    .   (no shield)
rNeg     . . .     Faith    .   a - +0 robe
rPois    .         Spirit   .   b - +0 hat
rElec    .         Reflect  .   (no cloak)
rCorr    .         Harm     .   o - +0 pair of gloves
MR       .....                  (no boots)
Stlth    ++........             (no amulet)
HPRegen  0.06/turn              (no ring)
MPRegen  0.12/turn              (no ring)

@: very slightly contaminated
A: no striking features
a: Renounce Religion


You were on level 3 of the Dungeon.
You worshipped Sif Muna.
Sif Muna was noncommittal.
You were not hungry.

You visited 1 branch of the dungeon, and saw 3 of its levels.

You collected 221 gold pieces.

Inventory:

Armour
 a - a +0 robe (worn)
 b - a +0 hat (worn)
 o - a +0 pair of gloves (worn)
Wands
 m - a wand of enslavement (14)
Scrolls
 c - 2 scrolls of remove curse {unknown}
 e - a scroll of identify {unknown}
 i - 3 scrolls of fear {unknown}
Potions
 f - a potion of berserk rage {unknown}
 g - a potion of degeneration {unknown}
 h - a potion of invisibility {unknown}
 j - a potion of magic {unknown}
 k - a potion of might {unknown}
 l - a potion of haste {unknown}
 n - 2 potions of heal wounds {unknown}
Comestibles
 d - 7 rations
 p - 2 chunks of flesh


   Skills:
 + Level 3.3 Dodging
 - Level 2.4 Stealth
 + Level 5.0 Spellcasting
 + Level 2.1 Conjurations
   Level 1.1 Summonings
 + Level 1.7 Translocations
 + Level 0.2 Fire Magic
 + Level 0.1 Air Magic
 + Level 0.2 Poison Magic
 + Level 0.2 Evocations


You had 3 spell levels left.
You knew the following spells:

 Your Spells              Type           Power        Failure   Level  Hunger
a - Magic Dart            Conj           ###.         4%          1    None
c - Mephitic Cloud        Conj/Pois/Air  #.......     21%         3    ##.....
e - Blink                 Tloc           N/A          7%          2    None
f - Conjure Flame         Conj/Fire      ##......     17%         3    ##.....

Your spell library contained the following spells:

 Spells                   Type           Power        Failure   Level  Hunger
 Call Imp                 Summ           ##......     9%          2    None
 Slow                     Hex            #.......     14%         2    None


Dungeon Overview and Level Annotations

Branches:
Dungeon (3/15)

Altars:
Cheibriados
Elyvilon
Sif Muna


Message History

The bat closely misses you. The hound bites you.
* * * LOW HITPOINT WARNING * * *
Casting: Magic Dart (safe; 4% risk of failure)
Confirm with . or Enter, or press ? or * to list all spells.
Aiming: Magic Dart (safe; 4% risk of failure)
Press: ? - help, Shift-Dir - straight line, f/p - hound
Aim: a hound (severely wounded)
The magic dart hits the hound.
The hound is almost dead.
The bat barely misses you. The hound bites you but does no damage.
The bat barely misses you.
Casting: Magic Dart (safe; 4% risk of failure)
Confirm with . or Enter, or press ? or * to list all spells.
Aiming: Magic Dart (safe; 4% risk of failure)
Press: ? - help, Shift-Dir - straight line, f/p - hound
Aim: a hound (almost dead)
Okay, then.
The bat completely misses you. The bat hits you.
You die...

........#...#...........
#####.#.#...#..#.##...#### ###
####.#.#.###..#.##....... ..#
......................# #.#
..................b...#######.#
#####.#.#####.#..##...##......#
#.#.. #.....h....#.###..# .....
#.##b.r......# #..### ...... #.
#@......#####.....
.......####.##...............##
.... .. .........##......#
#.##.#.....######..#
...........# #..# ...#.#
##.##.##....######..# ..#.#
#..##...............# ....#
#..##.###>..#######.# ...#
#..##.# #...#######.#


You could see a hound, a bat and a rat.

Vanquished Creatures
  An adder (D:3)
  An ooze (D:3)
  A worm (D:2)
  2 dart slugs
  3 leopard geckos
  An orc (D:3)
  5 bats (D:1)
  A goblin (D:1)
  2 hobgoblins
  A jackal (D:1)
  2 frilled lizards (D:1)
  5 kobolds
  13 rats
38 creatures vanquished.

Notes
Turn   | Place    | Note
-------+----------+-------------------------------------------
     0 | D:1      | Arixos the Deep Elf Wizard began the quest for the Orb.
     0 | D:1      | Reached XP level 1. HP: 10/10 MP: 7/7
   187 | D:1      | Reached XP level 2. HP: 15/15 MP: 4/9
   208 | D:1      | Learned a level 2 spell: Blink
  1175 | D:2      | Found a white marble altar of Elyvilon.
  1207 | D:2      | Reached XP level 3. HP: 19/19 MP: 6/11
  1212 | D:2      | Learned a level 3 spell: Mephitic Cloud
  1216 | D:2      | Learned a level 3 spell: Conjure Flame
  1218 | D:2      | Found a snail-covered altar of Cheibriados.
  1533 | D:2      | Found a shimmering blue altar of Sif Muna.
  1539 | D:2      | Became a worshipper of Sif Muna the Loreminder
  1900 | D:3      | Reached skill level 5 in Spellcasting
  2193 | D:3      | Slain by a bat

Levels and vault maps discovered:
D:1:      dpeg_arrival_chambers_temple_mockup, layout_basic,
          minmay_rat_gold_closets
D:2:      layout_rooms, kennysheep_slug_shrine, elyvilon_altar_3, led_sif_pool,
          first_ration
D:3:      layout_basic, old_standard_altar, uniq_ijyb

Skill      XL: |  1  2  3 |
---------------+----------+-----
Dodging        | 3 |  3.3
Conjurations   | 2 |  2.1
Spellcasting   | 5 |  5.0
Stealth        | |  2.4
Summonings     | |  1.1
Translocations | |  1.7
Fire Magic     | |  0.2
Air Magic      | |  0.1
Poison Magic   | |  0.2
Evocations     | |  0.2

Action                   || total
-------------------------++-------
Melee: Unarmed           ||     7
 Cast: Magic Dart        ||    88
       Blink             ||     6
  Eat: Chunk             ||     4
Armor: Robe              ||    11
Dodge: Dodged            ||    35

Table legend:
 A = Non-vault XP
 B = Vault XP
 C = Vault XP percentage of total XP
 D = Non-vault monster count
 E = Vault monster count
 F = Vault count percentage of total count
                 A         B        C        D         E       F
            +---------+---------+-------+---------+---------+-------
      Total |      72 |      11 |  13.3 |      30 |       8 |  21.1
            +---------+---------+-------+---------+---------+-------
        D:1 |      33 |       7 |  17.5 |      20 |       7 |  25.9
        D:2 |       7 |       4 |  36.4 |       3 |       1 |  25.0
        D:3 |      32 |       0 |   0.0 |       7 |       0 |   0.0
            +---------+---------+-------+---------+---------+-------
